AoeStats
← Birrën

Black Forest

510251079Analyzed
2v2 RM · 2d ago on Sep 30, 2026· 23m 36s· 4 players
Game mode
Random Map
Map size
Medium (4 player)
Population
200
Speed
Normal
Resources
Standard
Victory
Conquest
Starting age
Dark Age
Ending age
Imperial Age
RankedLock teamsTeams togetherTeam positionsShared explorationLock speedFull tech treeHidden civsTurbo modeCheats
Victory
Defeat
🇨🇱 Danes · Chile
721
+13
🇨🇱 Japanese · Chile
700
+14
🇦🇷 Lithuanians · Argentina
659
-14
🇺🇸 Franks · United States
639
-13
Karma_Slays
14:11 Feudal Age
23:37 Castle Age
Birrën
1:01 Loom
12:40 Feudal Age
23:33 Castle Age
22:10 Stone Mining
22:11 Gold Mining
nohacenadi3489
11:42 Feudal Age
16:14 Castle Age
Krailor
12:05 Feudal Age
19:52 Castle Age
Connection lost

Rejoining the realm…

Still unreachable

The connection could not be restored.

Session expired

The server has moved on; the page needs a fresh start.